AoeStats
← KDA HDT

Nomad

507735606Analyzed
4v4 RM · 14d ago on Sep 19, 2026· 23m 39s· 8 players
Game mode
Random Map
Map size
231×231
Population
200
Speed
Normal
Resources
Standard
Victory
Conquest
Starting age
Dark Age
Ending age
Imperial Age
RankedLock teamsTeams togetherTeam positionsShared explorationLock speedFull tech treeHidden civsTurbo modeCheats
Victory
Defeat
🇹🇷 Celts · Türkiye
1865
+6
🇻🇳 Huns · Vietnam
1780
+8
🇩🇪 Armenians · Germany
1777
+8
🇦🇷 Portuguese · Argentina
1769
+10
🇹🇼 Byzantines · Taiwan
1628
-9
🇹🇼 Cumans · Taiwan
1614
-8
🇨🇳 Jurchens · China
1601
-8
🇦🇷 Wu · Argentina
1563
-7
Cr0mo
12:41 Feudal Age
11:40 Loom
16:20 Castle Age
14:57 Fishing Lines
17:58 Fletching
Kukuro
5:00 Loom
13:56 Feudal Age
18:01 Castle Age
16:21 Double-Bit Axe
17:43 Fishing Lines
19:14 Bow Saw
20:34 Fletching
21:46 Bodkin Arrow
22:14 Town Watch
KDA HDT
4:42 Loom
14:28 Feudal Age
18:17 Castle Age
16:25 Double-Bit Axe
17:51 Gold Mining
18:41 Fishing Lines
19:55 Bow Saw
22:59 Bloodlines
23:50 Scale Mail Armor
23:55 Scale Barding Armor
Jan Itor
13:54 Feudal Age
13:45 Loom
15:08 Town Watch
18:07 Castle Age
16:11 Double-Bit Axe
17:02 Fishing Lines
19:55 Fletching
[AirBo]一大包
11:05 Loom
13:07 Feudal Age
17:26 Castle Age
16:03 Scale Barding Armor
16:51 Forging
16:29 Horse Collar
18:15 Double-Bit Axe
22:35 Chain Barding Armor
Chim cu đi tắm
12:35 Feudal Age
13:14 Man-at-Arms
18:00 Castle Age
16:17 Loom
17:55 Double-Bit Axe
18:57 Bow Saw
投掷哥布林
6:19 Loom
14:08 Feudal Age
15:21 Town Watch
17:48 Castle Age
18:29 Forging
18:13 Double-Bit Axe
甜心包
9:54 Loom
14:18 Feudal Age
16:27 Wheelbarrow
21:10 Castle Age
19:55 Fletching
22:19 Double-Bit Axe
Connection lost

Rejoining the realm…

Still unreachable

The connection could not be restored.

Session expired

The server has moved on; the page needs a fresh start.